[Event "FIDE WSCC 65 2022"]
[Site "Assisi"]
[Date "2022.11.24"]
[Round "9.1"]
[White "Knaak, Rainer"]
[Black "Kristiansen, Jens"]
[Result "1/2-1/2"]
[ECO "A87"]
[WhiteElo "2457"]
[BlackElo "2353"]
[Annotator "TA"]
[PlyCount "97"]
[EventDate "2022.11.14"]
[EventType "swiss"]
[EventCountry "ITA"]
[SourceTitle "playchess.com"]
[Source "ChessBase"]
[SourceQuality "1"]
[TimeControl "40/5400+30:1800+30"]

1. d4 f5 2. g3 Nf6 3. Bg2 g6 4. Nf3 Bg7 5. O-O O-O 6. b3 d6 7. Bb2 e6 8. c4 Ne4 9. Nbd2 Nc6 10. e3 {[%emt 0:06:40] A87: Dutch Defence: Leningrad System: 5 Nf3.} a5 11. a3 {[%emt 0:03:31] [#]} Kh8 $146 ({Predecessor:} 11... Bd7 12. Qc2 d5 13. Ne5 Nxe5 14. dxe5 Nxd2 15. Qxd2 dxc4 16. Rfd1 Bb5 17. Qc3 Qe8 {1-0 (71) Krivonosov,O (2452)-Kovalenko,I (2653) Lithuania 2015}) 12. Ne1 {[%emt 0:06:47][%cal Bf3e1,Be1c2,Bc2d4][%mdl 32] White is slightly better.} Nxd2 13. Qxd2 e5 14. f4 e4 15. d5 {[%emt 0:00:27] Prevents a4.} Nb8 16. Bxg7+ Kxg7 17. Nc2 Nd7 18. Nd4 {[%emt 0:02:27] [#] aiming for Ne6+.} Nf6 19. b4 axb4 20. axb4 Bd7 21. Qc3 Qe7 22. Rf2 h6 23. Rfa2 Rxa2 24. Rxa2 Kh7 25. Bf1 Qg7 (25... g5 $14) 26. Qb3 {[%emt 0:04:23] White is more active.} (26. Ra7 $16) 26... g5 $11 27. Kh1 gxf4 28. gxf4 Rg8 {[%emt 0:00:30][%csl Gg8][%cal Rg7g1] [#]} 29. Rg2 {[%emt 0:00:17] Prevents Qg1+.} Qf7 30. Rxg8 Qxg8 31. Qd1 Qg4 32. Qe1 Qh5 33. Be2 (33. b5 $14) 33... Qe8 ({Black should play} 33... Qh3 $1 $11 34. Bf1 Qg4) 34. Qh4 Kg6 35. c5 dxc5 36. bxc5 Qf8 37. c6 bxc6 38. dxc6 Bc8 39. Qg3+ (39. Bd1 {feels hotter.} Qb4 40. Qg3+ Kh7 41. Bb3) 39... Kh7 $1 40. h4 Qf7 41. Kg1 Qa2 42. h5 {[%emt 0:07:00] White wants to mate with Qg6+.} Qf7 {[%emt 0:06:08] Against Qg6+} 43. Qh4 Qg7+ 44. Kf2 Qf7 45. Qh3 Qa2 {[%emt 0:01:31] The position is equal.} 46. Kg1 (46. Nxf5 $2 {perishes.} Qa5 47. Qh1 Qxf5 $19) 46... Qa1+ 47. Kh2 {[%emt 0:01:24] Qg2 is the strong threat.} Qa2 48. Qg2 {[%emt 0:00:42] Threatening mate with Qg6+.} Qf7 {[%emt 0:00:26] Against Qg6+} 49. Qh3 {[%emt 0:18:01] Weighted Error Value: White=0.12 (very precise) /Black=0.10 (very precise)} 1/2-1/2

[Event "FIDE WSCC 65 2022"]
[Site "Assisi"]
[Date "2022.11.24"]
[Round "9.2"]
[White "Nunn, John D M"]
[Black "Fernandez Garcia, Jose Luis"]
[Result "1-0"]
[ECO "C90"]
[WhiteElo "2580"]
[BlackElo "2358"]
[Annotator "TA"]
[PlyCount "85"]
[EventDate "2022.11.14"]
[EventType "swiss"]
[EventCountry "ITA"]
[SourceTitle "playchess.com"]
[Source "ChessBase"]
[SourceQuality "1"]
[TimeControl "40/5400+30:1800+30"]

1. e4 e5 2. Nf3 Nc6 3. Bb5 a6 4. Ba4 Nf6 5. O-O Be7 6. Re1 b5 7. Bb3 d6 8. c3 Na5 9. Bc2 c5 10. d4 cxd4 11. cxd4 Bg4 {[%emt 0:00:05] is more profitable than 11...Qc7 at the moment. C90: Closed Ruy Lopez with 7...d6: Early deviations.} 12. dxe5 Bxf3 {[%emt 0:00:16][%mdl 64] [#] Remove Defender} 13. Qxf3 dxe5 {[%emt 0:00:08] White has an edge.} 14. Nc3 O-O 15. Rd1 Qc7 16. Bd3 Rfd8 {[%emt 0:06:50] [#]} 17. Be3 $146 ({Predecessor:} 17. Bg5 Nc6 18. Nd5 Nxd5 19. exd5 Nd4 20. Qg3 Bxg5 21. Qxg5 Rab8 22. Rac1 Qd6 23. Be4 {0-1 (50) Vroom,G (2109)-Krawczyk,W (2212) ICCF email 2018}) 17... Nc4 18. Bxc4 Qxc4 (18... Rxd1+ {simplifies} 19. Qxd1 Qxc4 20. Rc1 Kf8) 19. Bg5 Qe6 20. Nd5 {[%emt 0:05:14] [#] Black must now prevent Nc7.} Rac8 {[%emt 0:06:02] Prevents Nc7.} 21. Bxf6 Bxf6 22. g3 Be7 23. Rac1 Bg5 24. Rxc8 Rxc8 25. h4 Bd8 26. Kg2 h6 27. b3 (27. Qh5 {simplifies} Kh7 28. Qf5+ Qxf5 29. exf5 Kg8 30. b3) 27... Be7 28. Rd2 Bf8 29. Qf5 Rc6 (29... Qxf5 {simplifies} 30. exf5 f6 31. Ne3 a5) 30. h5 (30. Ne3 {simplifies} Qxf5 31. exf5 h5 32. Kf3) 30... a5 31. Ne3 {[%emt 0:03:26] White is much more active.} a4 (31... Qxf5 $14 32. Nxf5 f6) 32. Rd5 axb3 33. axb3 ({Much weaker is} 33. Rxb5 $6 Qxf5 34. exf5 bxa2 $11) 33... Rc5 34. Kf3 ({White should try} 34. Rd8 $18) 34... Qxf5+ {[%emt 0:03:53] Black cannot hold the game after this.} (34... Rxd5 $16 {is a better defense.} 35. Qxe6 (35. exd5 Qxf5+ 36. Nxf5 g6 $11) (35. Nxd5 Qe8 $14) 35... fxe6 36. exd5 exd5) 35. exf5 $18 Rxd5 $2 (35... Rc3 36. Rxb5 f6) 36. Nxd5 $16 {[%emt 0:00:07][%mdl 4096] Endgame KB-KN} Bc5 37. Nc7 {[%emt 0:03:53] Prevents g6.} b4 $2 (37... g6 {keeps fighting.} 38. fxg6 (38. hxg6 fxg6 39. fxg6 h5 $18) 38... fxg6) 38. Na6 $18 Bd6 39. Ke4 Kf8 40. Kd5 {[%emt 0:00:14] Prevents g5. White is clearly winning.} Ke7 41. Nc5 {[%emt 0:30:21] Prevents e4.} Bb8 42. Ne4 Bc7 43. Kc5 {[%emt 0:00:00] Weighted Error Value: White=0.13 (very precise) /Black=0.36} 1-0

[Event "FIDE WSCC 65 2022"]
[Site "Assisi"]
[Date "2022.11.24"]
[Round "9.3"]
[White "Legky, Nikolay A"]
[Black "Hebert, Jean"]
[Result "1/2-1/2"]
[ECO "D03"]
[WhiteElo "2350"]
[BlackElo "2333"]
[Annotator "TA"]
[PlyCount "83"]
[EventDate "2022.11.14"]
[EventType "swiss"]
[EventCountry "ITA"]
[SourceTitle "playchess.com"]
[Source "ChessBase"]
[SourceQuality "1"]
[TimeControl "40/5400+30:1800+30"]

1. d4 {[%emt 0:00:04] ChessBase II} Nf6 2. Bg5 d5 3. Nf3 Ne4 4. Bh4 c5 5. e3 Qb6 6. Nc3 {[%emt 0:00:15] D03: 1 d4 d5 2 Nf3 Nf6 3 Bg5, including Torre Attack with early ...d5.} e6 {[%emt 0:05:51] [#]} (6... Nxc3 $15 7. bxc3 Nc6) 7. Be2 $146 (7. Nxe4 $11 dxe4 8. Nd2) ({Predecessor:} 7. Nxe4 dxe4 8. dxc5 Bxc5 9. Nd2 Qxb2 10. Rb1 Qe5 11. Nxe4 O-O 12. Bd3 f5 13. Nxc5 Qxc5 {½-½ (21) Prie,E (2526)-Benitah,Y (2392) Cap d'Agde 2010 EXT 2012 [ChessBase II]}) 7... Nc6 ({Don't play} 7... Qxb2 8. Nxe4 dxe4 9. Rb1 Qc3+ 10. Nd2 $14) (7... Nxc3 $1 $15 8. bxc3 c4) 8. O-O {[%emt 0:01:01] The position is equal.} (8. Nxe4 {simplifies} dxe4 9. dxc5 Bxc5 10. Nd2) 8... cxd4 9. Nxe4 dxe4 10. Nxd4 Bd7 11. Nb5 Na5 $2 (11... Rc8 $16 {was called for.}) 12. Qd4 $2 Bxb5 $16 13. Qxb6 {[%emt 0:00:12][%mdl 64] [#] Remove Defender} axb6 14. Bxb5+ Nc6 15. Rfd1 Be7 16. Bg3 h5 17. Bc7 Bd8 18. Be5 {[%emt 0:00:04] A strong pair of Bishops.} f6 19. Bd6 {[%emt 0:01:52] White is much more active. The black rooks are badly placed.} Be7 20. Bc4 (20. h3 $16) 20... Kf7 $14 21. Bc7 Rhc8 {[%emt 0:07:44] [#] White must now prevent ...Na5.} 22. Bxb6 (22. Rd7 $14) 22... Nb4 $11 23. Bb3 Rc6 24. Bd4 Nxc2 25. Rac1 Nxd4 26. exd4 Rxc1 27. Rxc1 {[%emt 0:00:01][%mdl 4096] Endgame KRB-KRB} Bd6 ({Black should try} 27... Rd8) 28. Re1 f5 29. f3 $1 Kf6 30. fxe4 {[%emt 0:00:08] e5+ is the strong threat.} fxe4 31. Rxe4 e5 32. dxe5+ Bxe5 33. Rb4 Bxb2 34. Rxb7 Bd4+ 35. Kf1 Ra7 36. Rb8 Re7 37. a4 Ba7 {[%emt 0:01:49] White is slightly better.} 38. Rb5 Re5 39. Bd5 g5 40. a5 h4 41. h3 Kf5 42. Bc4 {[%emt 0:03:12] Weighted Error Value: White=0.19 (very precise) /Black=0.18 (very precise)} 1/2-1/2

[Event "FIDE WSCC 65 2022"]
[Site "Assisi"]
[Date "2022.11.24"]
[Round "9.4"]
[White "Jansa, Vlastimil"]
[Black "Hutchinson, Paul A"]
[Result "1-0"]
[ECO "B19"]
[WhiteElo "2390"]
[BlackElo "2148"]
[Annotator "TA"]
[PlyCount "87"]
[EventDate "2022.11.14"]
[EventType "swiss"]
[EventCountry "ITA"]
[SourceTitle "playchess.com"]
[Source "ChessBase"]
[SourceQuality "1"]
[TimeControl "40/5400+30:1800+30"]

1. e4 c6 2. d4 d5 3. Nc3 dxe4 4. Nxe4 Bf5 5. Ng3 Bg6 6. h4 h6 7. Nf3 Nd7 8. h5 Bh7 9. Bd3 Bxd3 10. Qxd3 e6 11. Bd2 Ngf6 12. O-O-O Be7 13. Kb1 Qb6 {[%emt 0:00:31] B19: Classical Caro-Kann: 4...Bf5 main line.} 14. c4 Qa6 (14... O-O $11) 15. Ne5 {[%emt 0:09:07] [#]} (15. Rhe1 $1 $14 {feels stronger.}) 15... Nxe5 $146 (15... O-O $11) ({Predecessor:} 15... Rd8 16. Qe2 c5 17. Bc3 cxd4 18. Bxd4 Nxe5 19. Bxe5 O-O 20. f4 Rxd1+ 21. Rxd1 Rd8 {0-1 (51) Keler,F (2226)-Bergstrom,P (2306) Plovdiv 2010}) 16. dxe5 $16 Nd7 17. f4 {[%emt 0:08:43][%cal Od2b4] [#] Hoping for Bb4!} O-O-O {[%emt 0:08:18][%cal Od7e5] White must now prevent ...Nxe5!} 18. Qc2 Nc5 19. Be3 Qa5 20. a3 Qc7 {[%emt 0:07:35] White stays focused until the end.} (20... Qa4 $14) 21. b4 Na6 22. c5 {[%emt 0:05:01] White is much more active. The black rooks are badly placed.} (22. Bxa7 b6 23. Qa4 (23. Rxd8+ $2 Rxd8 24. Ne4 Qxa7 $19) 23... Kb7 $17) 22... Rd5 (22... f6 $16) 23. Ne4 $18 Kb8 24. Nd6 Bxd6 25. exd6 Qd7 26. Rxd5 cxd5 (26... exd5 $142 27. Qd2 f6) 27. Qd3 Ka8 28. b5 Nb8 29. Ka2 Rc8 30. Rc1 {[%emt 0:04:05] Prevents b6.} f6 $2 (30... b6 31. a4 (31. cxb6 Rxc1 32. Bxc1 axb6 $11) 31... bxc5) 31. a4 Qf7 32. Bd4 Qe8 33. Qe3 {[%emt 0:01:03] Inhibits e5.} a6 34. Qe2 Qd7 35. Qd3 Re8 $2 (35... b6 36. c6 (36. bxa6 $2 Qxa4+ 37. Kb2 Qb4+ 38. Ka2 bxc5 $19) 36... Qxd6) 36. c6 bxc6 37. bxc6 ({Worse is} 37. bxa6 c5 38. Bxc5 (38. Rxc5 $2 {is the wrong capture.} Qxa4+ 39. Kb1 Nxa6 $19) 38... Qxa4+ 39. Qa3 Qb5 $11) 37... Qxd6 38. c7 Rc8 39. cxb8=Q+ Rxb8 {[%emt 0:00:01] [#]} 40. Qc3 $2 (40. Rc7 $3 Rb4 41. Ra7+ Kb8 42. Qa3 (42. Rxg7 Rxa4+ 43. Kb1 Qb4+ 44. Bb2 Qe1+ 45. Kc2 Qf2+ 46. Kb3 Rc4 $18)) 40... Re8 $2 (40... Qd7 $18 41. Qa5 Qb7) 41. Qa5 {[%emt 0:33:20] White mates.} Rb8 42. Rc7 Rb7 43. Rc8+ Rb8 44. Bc5 {[%emt 0:00:00] Weighted Error Value: White=0.25 (precise) /Black=0.64} 1-0

[Event "FIDE WSCC 65 2022"]
[Site "Assisi"]
[Date "2022.11.24"]
[Round "9.5"]
[White "Werner, Clemens"]
[Black "Birnboim, Nathan"]
[Result "1/2-1/2"]
[ECO "C41"]
[WhiteElo "2236"]
[BlackElo "2361"]
[Annotator "TA"]
[PlyCount "193"]
[EventDate "2022.11.14"]
[EventType "swiss"]
[EventCountry "ITA"]
[SourceTitle "playchess.com"]
[Source "ChessBase"]
[SourceQuality "1"]
[TimeControl "40/5400+30:1800+30"]

1. e4 e5 2. Nf3 d6 3. Bc4 Be6 4. Bb3 Nf6 5. d3 {[%emt 0:03:10] [#]} Nbd7 $146 ({Predecessor:} 5... Be7 6. c3 Bxb3 7. Qxb3 Qc8 8. Nbd2 O-O 9. O-O Nbd7 10. d4 c6 11. a4 Qc7 12. Re1 {1-0 (43) Golovin,L (2463)-Morozov,E (2304) Voronezh 2008}) 6. O-O {[%emt 0:00:31] C41: Philidor Defence.} Bxb3 7. axb3 g6 8. Nc3 {[%emt 0:02:54] White has an edge.} Bg7 9. d4 O-O 10. dxe5 dxe5 11. Bg5 c6 12. Qd2 Qe7 13. Qe3 a6 14. Rfd1 Nc5 15. Rd2 Ne6 (15... Rad8 {with more complications.} 16. Rad1 Ne6 17. Bh4 Rxd2 18. Rxd2 Rd8) 16. Rad1 ({Much worse is} 16. Nxe5 Nxg5 17. Qxg5 h6 $17) 16... Nxg5 17. Qxg5 Rfe8 18. Rd6 h6 19. Qe3 Nd5 20. Qc5 Nf4 (20... Nf6 $11 {remains equal.}) 21. Qe3 {[%emt 0:03:40] White is more active.} (21. Qb6 $1 $16) 21... Rad8 {[%emt 0:00:36] Prevents Rd7.} 22. Rxd8 Rxd8 23. Rxd8+ Qxd8 24. Qd2 Qe7 (24... Qxd2 {simplifies} 25. Nxd2 b5 26. b4 Bf8) 25. Ne2 Ne6 26. b4 Nd4 27. c3 Nxf3+ 28. gxf3 $15 {[%emt 0:00:05][%mdl 4096] Endgame KQB-KQN} h5 29. Qe3 Kh7 30. f4 {[%emt 0:00:57] [#]} (30. Qa7 $15) 30... Bh6 $1 $19 31. Kh1 Qd8 32. h3 {[%emt 0:02:44] [#]} (32. Qf3 $142) 32... exf4 $1 33. Qf3 Qd2 {[%emt 0:01:16] Prevents Nc1.} 34. Kg2 Kg8 35. b3 (35. e5 $17) 35... Bg7 36. c4 Be5 ({And not} 36... Qxb4 37. Nxf4 Qd6 38. Nd3 $17) 37. b5 axb5 (37... cxb5 $2 {perishes.} 38. cxb5 axb5 39. Ng1 $19) 38. cxb5 cxb5 39. Ng1 Kf8 40. Qe2 Qxe2 41. Nxe2 {[%emt 0:30:08] KB-KN} Ke7 42. Kf3 g5 43. Nc1 Kd6 {[%emt 0:03:08] Hoping for ...Kc5.} 44. Nd3 f6 45. Ke2 g4 46. hxg4 hxg4 47. f3 g3 48. Ne1 Bd4 49. Ng2 Ke5 50. Kd3 Bc5 51. Kc3 Bf2 52. Kd3 Bc5 53. Kc3 $1 Bd6 54. Kd3 Ke6 55. Kd4 Kd7 56. Kd5 Kc7 57. Kd4 Kb6 58. Kd3 Kc5 59. Kc3 Be5+ 60. Kd3 Kd6 61. Nh4 Ke6 62. Ke2 Bc7 63. Kd3 Bb6 64. Ng2 Ke5 65. Kc3 Bc5 66. Kd3 Bb4 (66... Bd6 $142 {And now ...Bb4 would win.} 67. Nh4 Bc7 68. Ng6+ Ke6) 67. Nh4 Bd6 $2 (67... Kd6 $19 68. Ng2 Ke5) 68. Kc3 $2 (68. Ng2 $1 $11 {and White stays safe.} Bc7 69. Nh4) 68... Bc7 69. Kd3 Kd6 70. Ng2 Kc5 71. Kc3 Ba5+ 72. Kd3 Kb4 73. Kc2 Bc7 74. Kb2 Be5+ 75. Kc2 Ka3 76. Nh4 Bd4 77. Ng2 Be3 78. Nh4 Kb4 79. Ng2 Kc5 80. Kd3 Kd6 81. Ke2 Kc5 82. Kd3 $1 Bc1 (82... Kc6 $142 {White must now prevent ...Kd6.} 83. Kc2 Kd6) 83. Kc3 $2 (83. Kc2 Be3 84. Kd3) 83... Be3 84. Kd3 b4 85. Nh4 b5 86. Ng2 Bc1 $2 (86... Kd6 $19 {aiming for ...Ke6.} 87. Nh4 Ke6) 87. Nh4 $2 (87. Kc2 $1 $11 {and White has nothing to worry.} Be3 88. Kd3) 87... f5 88. exf5 Kd5 89. f6 Ke6 {[%emt 0:00:20] Against f7} 90. Ke4 Kxf6 91. Kd5 Be3 92. Kd6 Bf2 93. Ng2 Be3 94. Nh4 $1 Bd2 {[%emt 0:01:07] Black is clearly better.} 95. Ng2 Kf5 96. Nh4+ Kg5 97. Ng2 {[%emt 0:00:00] Weighted Error Value: White=0.17 (very precise) /Black=0.16 (very precise)} 1/2-1/2

[Event "FIDE WSCC 65 2022"]
[Site "Assisi"]
[Date "2022.11.24"]
[Round "9.6"]
[White "Maryasin, Boris"]
[Black "Roos, Louis"]
[Result "1/2-1/2"]
[ECO "C16"]
[WhiteElo "2258"]
[BlackElo "2293"]
[Annotator "TA"]
[PlyCount "105"]
[EventDate "2022.11.14"]
[EventType "swiss"]
[EventCountry "ITA"]
[SourceTitle "playchess.com"]
[Source "ChessBase"]
[SourceQuality "1"]
[TimeControl "40/5400+30:1800+30"]

1. e4 e6 2. d4 d5 3. Nc3 Bb4 4. e5 Qd7 5. Qg4 f5 6. Qg3 b6 7. a3 Bf8 {[%emt 0:00:25] [#] C16: French: 3 Nc3 Bb4 4 e5: Lines without ...c5.} (7... Bxc3+ $14 8. bxc3 (8. Qxc3 Ne7 $14) 8... Ba6) 8. a4 $146 {[%emt 0:03:11] White is more active.} (8. Nf3 $16) ({Predecessor:} 8. Bb5 c6 9. Ba4 Ba6 10. Nge2 b5 11. Bb3 c5 12. dxc5 Bxc5 13. Be3 Bxe3 14. Qxe3 Nc6 15. Qg3 {1-0 (53) Sargissyan,S (2269)-Yaksin,O (2377) Chess.com INT 2021}) 8... a5 9. Nf3 Bb4 {[%emt 0:04:07] White is better.} 10. Bd2 ({Better is} 10. Bb5 $16 c6 11. Be2) 10... Bxc3 11. Bxc3 (11. bxc3 $16 Ba6 12. Bxa6 Nxa6 13. O-O) 11... Ba6 $14 {[%emt 0:00:30] Prevents Bb5.} 12. Bxa6 Nxa6 13. O-O h6 14. h4 Qf7 15. Bd2 Ne7 16. c3 Qh5 17. Qh3 (17. b4 $14) 17... c5 $15 18. b3 Qg4 19. h5 g6 20. hxg6 Nxg6 21. Rfb1 (21. Bxh6 $2 Nf4 22. Qxg4 Ne2+ 23. Kh1 fxg4 $19) 21... h5 22. Ng5 cxd4 23. Nxe6 (23. Qd3 $11 O-O 24. cxd4 (24. Qxd4 f4 $15) (24. Nxe6 Nc5 $11)) 23... Qxh3 $1 24. gxh3 dxc3 25. Bxc3 Ke7 (25... Rc8 $15 26. Bd4 Rg8) 26. Nd4 $11 Nh4 27. b4 (27. Be1 $14) 27... Rhc8 {[%emt 0:04:22] The position is equal.} 28. Ra3 axb4 29. Bxb4+ Nxb4 30. Rxb4 Rc4 31. Rxc4 dxc4 {[%emt 0:00:14][%cal Bd5c4,Bc4c3][%mdl 4128] Endgame KRN-KRN} 32. f4 Rc8 {[%emt 0:01:45] [#] ...c3 is the strong threat.} 33. Rg3 Kf7 {[%emt 0:01:16] aiming for ...c3.} 34. Kf2 c3 {[%emt 0:00:40] Strongly threatening ...c2.} 35. Rg1 c2 (35... Rc4 $5 36. Ne2 c2 $17) 36. Rc1 Rc4 37. Ke3 Rc3+ ({Resist} 37... Rxa4 38. Rxc2 Ng6 39. Rc7+ (39. Nxf5 Nxf4 40. Nd4 Ne6 $11) 39... Ke8 40. Nxf5 Nxf4 41. Rh7 $11) (37... Ng2+ {feels hotter.} 38. Kf3 Rxd4 39. Kxg2 Rc4) 38. Kd2 Rxh3 39. Rxc2 {[%emt 0:00:34] [#] Black must now prevent Rc7+.} Nf3+ 40. Nxf3 Rxf3 {[%emt 0:00:06] KR-KR} 41. Rc4 h4 42. Ke2 Ra3 43. Rc7+ Kg6 44. Rc6+ Kh5 45. e6 {[%emt 0:03:47] And now e7 would win.} Rxa4 46. Kf3 Kg6 {[%emt 0:03:19] Hoping for ...Ra3+.} 47. Rxb6 Ra3+ 48. Kg2 Kf6 49. e7+ Kxe7 50. Rh6 Rg3+ 51. Kf2 Rg4 52. Kf3 Kf7 53. Ke3 {[%emt 0:00:56] Weighted Error Value: White=0.11 (very precise) /Black=0.11 (very precise)} 1/2-1/2

[Event "FIDE WSCC 65 2022"]
[Site "Assisi"]
[Date "2022.11.24"]
[Round "9.7"]
[White "Renman, Nils-Gustaf"]
[Black "Gaprindashvili, Nona"]
[Result "1-0"]
[ECO "A44"]
[WhiteElo "2320"]
[BlackElo "2268"]
[Annotator "TA"]
[PlyCount "159"]
[EventDate "2022.11.14"]
[EventType "swiss"]
[EventCountry "ITA"]
[SourceTitle "playchess.com"]
[Source "ChessBase"]
[SourceQuality "1"]
[TimeControl "40/5400+30:1800+30"]

1. d4 c5 2. d5 e5 3. e4 d6 4. Nc3 g6 5. h4 {[%emt 0:01:17][%cal Bh2h4,Bh4h5][%mdl 32] [#]} f6 $146 (5... h5 $142) ({Predecessor:} 5... Bh6 6. h5 Bxc1 7. Qxc1 g5 8. Nge2 Nh6 9. Ng3 O-O 10. Bd3 a6 11. a4 b6 12. Nd1 Ra7 {1-0 (44) So,W (2770)-Duda,J (2743) Chess.com INT 2020}) 6. h5 $16 {[%emt 0:00:44] Hoping for hxg6. A44: Semi-Benoni.} Nh6 7. Be2 Na6 8. Nf3 {[%emt 0:00:39] White is clearly better.} g5 9. Nh2 Nc7 10. a4 Bd7 11. Rb1 Qc8 12. Be3 Be7 13. Qd2 Nf7 14. Nf1 O-O 15. Ng3 Nh6 16. f3 Qe8 17. b4 {[%emt 0:00:24] aiming for bxc5.} b6 18. bxc5 bxc5 19. O-O Bd8 20. Nb5 Nxb5 21. Bxb5 a6 22. Bxd7 Qxd7 23. a5 Qa4 24. Ra1 Qe8 25. Rfb1 Rf7 26. Nf1 Rfa7 {[%emt 0:00:00] [#]} 27. g4 $1 Qd7 28. Qe1 Rb7 29. Rxb7 Qxb7 30. Bd2 Rb8 31. Ne3 Qb5 32. Qf1 Nf7 33. Nc4 Kf8 34. Bc3 Bc7 35. Na3 Qxf1+ 36. Kxf1 Ke8 37. Ke2 Kd7 38. Kd3 Kc8 39. Nc4 Rb5 40. Ne3 Nh6 41. Ra3 Kb7 42. Rb3 Ka7 43. Nc4 Nf7 44. Na3 Rb7 45. Kc4 Bd8 46. Nb1 Bc7 47. Nd2 Bd8 48. Nf1 Bc7 49. Ne3 Nh6 50. Kd3 Rb5 $1 51. Nc4 Nf7 52. Kd2 Rb7 53. Kc1 Rb5 54. Kb2 Rb7 55. Ka3 Rb5 56. Ka4 Rb7 57. Bd2 Bd8 58. Be3 Bc7 59. Bf2 {[%emt 0:00:19] White is much more active.} Nh6 60. Nb2 Ka8 61. Nd3 Nf7 62. Rxb7 Kxb7 63. Bxc5 dxc5 $11 64. Nxc5+ Ka7 {[%emt 0:06:11] Strongly threatening ...Nd8.} 65. Nd7 Bd8 66. c4 Kb7 67. c5 Kc7 68. Nf8 h6 69. Ne6+ Kc8 ({Resist} 69... Kd7 70. c6+ Kc8 71. Nc5 $16) 70. Kb4 (70. d6 $11) 70... Be7 $14 71. d6 Nxd6 72. cxd6 Bxd6+ {[%emt 0:00:00][%mdl 4096] Endgame KB-KN} 73. Kc4 Kd7 74. Kd5 {[%emt 0:00:00] And now Ng7 would win.} Bb4 {[%emt 0:00:00] [#]} 75. Ng7 $1 Bxa5 $2 (75... Bd6 $16 76. Nf5 Bf8) 76. Nf5 $18 {[%emt 0:00:00] White is clearly winning.} Bd8 77. Nxh6 {[%emt 0:00:00] Nf5 would kill now.} Ke7 78. Nf5+ Kf8 79. Kc6 Kg8 80. Nd6 {[%emt 0:00:00] Weighted Error Value: White=0.09 (flawless) /Black=0.06 (flawless)} 1-0

[Event "FIDE WSCC 65 2022"]
[Site "Assisi"]
[Date "2022.11.24"]
[Round "9.8"]
[White "Bergstrom, Rolf"]
[Black "Vaisser, Anatoly"]
[Result "1/2-1/2"]
[ECO "B22"]
[WhiteElo "2166"]
[BlackElo "2463"]
[Annotator "TA"]
[PlyCount "74"]
[EventDate "2022.11.14"]
[EventType "swiss"]
[EventCountry "ITA"]
[SourceTitle "playchess.com"]
[Source "ChessBase"]
[SourceQuality "1"]
[TimeControl "40/5400+30:1800+30"]

1. e4 c5 2. c3 Nf6 3. e5 Nd5 4. Nf3 e6 5. g3 Nc6 6. Bg2 d6 {[%emt 0:00:48] B22: Sicilian: 2 c3.} 7. exd6 Bxd6 8. d4 cxd4 9. Nxd4 Nxd4 10. Qxd4 Nf6 {[%emt 0:04:45] [#]} 11. O-O $146 (11. Bg5 {looks sharper.} e5 12. Qd3 Be6 13. Nd2) ({Predecessor:} 11. Bg5 e5 12. Qa4+ Bd7 13. Qc2 Rb8 14. Nd2 O-O 15. Nc4 Be7 16. O-O Bb5 17. Rfd1 {0-1 (56) Lopez de Turiso,J (1933)-Merayo Estevez,V (1566) Madrid 2018}) 11... e5 12. Qd3 O-O 13. Rd1 Bc7 14. Qxd8 Rxd8 15. Rxd8+ Bxd8 16. Na3 Ne8 (16... Bc7 $14) 17. Be3 Be7 18. Nc4 f6 19. Rd1 Kf8 20. b3 {[%emt 0:09:52] White is much more active. The black rooks are badly placed.} Rb8 $2 (20... g5 $16 21. f4 exf4 22. gxf4 g4) 21. Bxa7 $18 Ra8 {[%emt 0:00:08] [#]} 22. Nb6 $1 Rxa7 23. Nxc8 Rxa2 24. Nxe7 $2 ({Don't do} 24. Bxb7 $6 Bc5 $16) (24. Rd7 $18) 24... Kxe7 $14 25. Bxb7 $18 {[%emt 0:00:15][%mdl 4096] Endgame KRB-KRN} Rc2 26. Rd3 (26. c4 $5 ) 26... Nd6 {[%emt 0:01:38] The position is equal.} 27. Bc6 e4 {[%emt 0:05:00] Prevents c4.} 28. Re3 f5 29. f3 Kf6 $1 30. fxe4 fxe4 31. Bxe4 Nxe4 32. Rxe4 {[%emt 0:00:07] aiming for Rc4.} Rxc3 $11 {[%emt 0:00:04] KR-KR} 33. Rb4 Rc1+ 34. Kg2 Rc2+ 35. Kg1 Rc1+ 36. Kg2 Rc2+ 37. Kg1 Ke5 {[%emt 0:29:29] Weighted Error Value: White=0.19 (very precise) /Black=0.20 (precise)} 1/2-1/2